AoeStats
← wolololigma

Black Forest

508569869Analyzed
3v3 RM · 8d ago on Sep 23, 2026· 50m 28s· 6 players
Game mode
Random Map
Map size
Normal (6 player)
Population
200
Speed
Normal
Resources
Standard
Victory
Conquest
Starting age
Dark Age
Ending age
Imperial Age
RankedLock teamsTeams togetherTeam positionsShared explorationLock speedFull tech treeHidden civsTurbo modeCheats
Victory
Defeat
🇦🇷 Mongols · Argentina
1082
+16
🇦🇷 Saracens · Argentina
1053
+17
🇦🇷 Franks · Argentina
962
+21
🇺🇸 Varangians · United States
1162
-21
🇺🇸 Ethiopians · United States
1043
-17
🇺🇸 Danes · United States
1016
-16
[PPP] BlackPanter
1:06 Loom
9:25 Feudal Age
10:33 Double-Bit Axe
14:12 Fletching
22:15 Castle Age
22:35 Gold Mining
22:36 Horse Collar
23:58 Gold Shaft Mining
23:45 Bow Saw
25:42 Bloodlines
26:02 Scale Barding Armor
29:03 Wheelbarrow
31:30 Bodkin Arrow
37:29 Imperial Age
34:48 Town Watch
35:57 Padded Archer Armor
36:18 Chain Barding Armor
37:53 Capped Ram
39:14 Masonry
40:29 Elite Steppe Lancer
41:10 Husbandry
40:48 Light Cavalry
41:51 Forging
41:42 Bracer
42:01 Heavy Plow
43:25 Chemistry
42:52 Ballistics
42:07 Hussar
43:30 Stone Mining
45:08 Siege Ram
47:02 Iron Casting
50:12 Siege Engineers
49:58 Elite Skirmisher
Kikelot
5:15 Loom
13:27 Feudal Age
17:42 Wheelbarrow
19:49 Castle Age
17:38 Double-Bit Axe
18:17 Gold Mining
18:25 Fletching
18:58 Horse Collar
20:26 Scale Mail Armor
20:37 Crossbowman
20:41 Pikeman
22:19 Padded Archer Armor
23:58 Arson
25:29 Gold Shaft Mining
26:06 Heavy Plow
26:49 Bodkin Arrow
28:36 Thumb Ring
30:41 Forging
34:01 Bow Saw
34:10 Leather Archer Armor
40:44 Imperial Age
41:15 Arbalester
45:46 Stone Mining
46:44 Ballistics
47:25 Chemistry
50:45 Two-Man Saw
50:03 Hand Cart
49:34 Town Watch
49:59 Squires
50:32 Town Patrol
50:44 Masonry
mariano34355
8:59 Loom
12:54 Feudal Age
14:10 Double-Bit Axe
16:31 Forging
20:21 Gold Mining
20:21 Stone Mining
23:38 Castle Age
26:23 Iron Casting
26:34 Scale Barding Armor
42:17 Imperial Age
43:27 Cavalier
44:52 Chain Barding Armor
44:33 Scale Mail Armor
45:34 Blast Furnace
44:45 Caravan
45:02 Paladin
StickyFingers69
1:43 Loom
14:44 Feudal Age
28:28 Fletching
33:00 Scale Mail Armor
38:21 Castle Age
36:34 Stone Mining
36:29 Horse Collar
36:35 Double-Bit Axe
37:52 Gold Mining
39:15 Pikeman
40:29 Bodkin Arrow
41:26 Gold Mining
42:12 Stone Shaft Mining
46:56 Imperial Age
45:37 Bow Saw
44:58 Elite Skirmisher
45:47 Padded Archer Armor
Squatch360
0:35 Loom
12:38 Feudal Age
16:28 Castle Age
14:59 Double-Bit Axe
14:57 Horse Collar
18:29 Bow Saw
19:03 Bloodlines
24:23 Wheelbarrow
25:50 Hand Cart
27:08 Heavy Plow
28:53 Fletching
36:36 Imperial Age
39:21 Husbandry
39:51 Scale Barding Armor
44:21 Chain Barding Armor
44:16 Cavalier
wolololigma
1:59 Loom
13:49 Feudal Age
14:25 Double-Bit Axe
15:54 Horse Collar
22:56 Stone Mining
26:05 Castle Age
25:41 Wheelbarrow
28:09 Gold Mining
30:12 Bow Saw
30:06 Heavy Plow
35:50 Imperial Age
35:58 Hand Cart
38:49 Conscription
38:55 Conscription
37:55 Elite Shotel Warrior
38:48 Forging
38:38 Scale Mail Armor
39:00 Siege Engineers
39:25 Elite Skirmisher
42:11 Squires
45:40 Fletching
45:50 Padded Archer Armor
46:25 Iron Casting
46:05 Chain Mail Armor
46:14 Ballistics
45:51 Murder Holes
46:58 Chemistry
Connection lost

Rejoining the realm…

Still unreachable

The connection could not be restored.

Session expired

The server has moved on; the page needs a fresh start.